Map: Jungle Depths LE

Players

Ivadios - Winner!

  • Race: Terran Terran
  • League: Bronze
  • Spawn Location: 7:00

Arthas - Winner!

  • Race: Zerg Zerg
  • Spawn Location: 7:00

Duffman - Winner!

  • Race: Terran Terran
  • Spawn Location: 7:00

Quincy

  • Race: Zerg Zerg
  • Spawn Location: 3:00

OpaKralle

  • Race: Zerg Zerg
  • Spawn Location: 1:00

MCTarnkappe

  • Race: Protoss Protoss
  • Spawn Location: 1:00

VOD

Have the link to the VOD?

Description

Time

  • Played on: June 5, 2020, 12:55 p.m.
  • Length: 6:55
Show
View Real Time Build Order
Export as new Build Order

Ivadios Terran - Winner!

Build Orders:  

Get SALT Encoding   

  12  0:12  Supply Depot  
  12  0:36  Barracks  
  12  1:36  Refinery  
  12  1:44  Refinery  
  12  1:57  SCV  
  12  2:00  Supply Depot  
  13  2:09  SCV  
  14  2:20  Marine  
  14  2:22  SCV  
  16  2:23  Supply Depot  
  16  2:34  SCV  
  17  2:37  Marine  
  18  2:46  SCV, Factory, Supply Depot  
  19  2:55  Marine  
  20  3:13  Marine  
  21  3:30  Factory  
  21  3:31  Marine  
  22  3:40  Factory Tech Lab  
  20  3:53  Marine  
  18  4:06  SCV  
  18  4:11  Marine  
  18  4:14  Hellion  
  10  4:18  SCV  
  10  4:29  Marine  
  10  4:30  SCV  
  11  4:42  SCV  
  12  4:47  Marine  
  13  4:54  SCV  
  14  5:05  Marine  
  15  5:12  Orbital Command  
  15  5:22  Marine  
  15  5:28  Hellion  
  17  5:40  Marine  
  10  6:05  Widow Mine  
  10  6:09  Hellion  
  14  6:15  SCV  
  14  6:28  SCV  
  13  6:40  SCV  
Show
View Real Time Build Order
Export as new Build Order

Arthas Zerg - Winner!

Build Orders: Hatch First 

Get SALT Encoding   

  12  0:01  Drone  
  13  0:14  Overlord  
  13  0:17  Drone  
  14  0:32  Drone x2  
  16  0:36  Drone  
  17  0:56  Hatchery  
  16  0:59  Drone x2  
  16  1:02  Extractor  
  17  1:20  Drone, Spawning Pool  
  17  1:21  Drone  
  18  1:29  Drone  
  19  1:42  Overlord  
  19  2:01  Drone  
  20  2:09  Metabolic Boost  
  20  2:14  Spine Crawler, Drone  
  20  2:15  Queen, Drone x2  
  22  2:20  Drone  
  25  2:27  Queen  
  27  2:32  Drone  
  27  2:33  Drone  
  29  2:42  Drone  
  29  2:43  Drone  
  31  2:55  Drone x2  
  33  2:58  Overlord  
  33  3:00  Extractor  
  33  3:02  Drone  
  33  3:13  Drone x2  
  35  3:22  Baneling Nest  
  35  3:23  Drone  
  35  3:24  Drone  
  36  3:32  Drone  
  36  3:33  Drone x2  
  39  3:43  Zergling x6  
  42  4:14  Zergling x2  
  42  4:15  Zergling x2  
  27  4:47  Zergling x2  
  27  4:48  Zergling x16  
  15  5:17  Zergling x2  
  15  5:18  Zergling x10  
  14  5:22  Spine Crawler x2  
  14  5:24  Spine Crawler, Zergling x2  
  11  5:33  Zergling x2  
  11  5:34  Zergling x10  
  17  5:39  Baneling x5  
  17  5:40  Baneling  
  17  5:41  Zergling x4  
  13  6:06  Zergling x8  
  12  6:31  Zergling x2  
Show
View Real Time Build Order
Export as new Build Order

Duffman Terran - Winner!

Build Orders: Gas First Reaper Expand 

Get SALT Encoding   

  12  0:01  SCV  
  13  0:13  SCV  
  14  0:17  Supply Depot  
  14  0:26  Refinery  
  14  0:28  SCV  
  15  0:44  Barracks  
  15  0:55  SCV  
  16  1:07  SCV  
  17  1:30  Orbital Command  
  17  1:33  Reaper  
  18  1:46  Command Center  
  18  1:54  Factory  
  18  1:57  SCV  
  19  2:09  Marine  
  20  2:22  SCV  
  21  2:30  Barracks  
  21  2:34  SCV  
  22  2:38  Refinery  
  22  2:39  Factory Tech Lab  
  22  2:42  Barracks Reactor  
  22  2:46  SCV  
  23  2:58  SCV  
  23  3:01  Orbital Command  
  24  3:20  SCV  
  24  3:24  Barracks Tech Lab  
  24  3:25  Siege Tank  
  24  3:26  Marine x2  
  29  3:41  Supply Depot  
  29  3:43  Supply Depot  
  29  3:44  Marine x2  
  29  3:47  Marauder  
  32  3:57  Siege Tank  
  32  4:01  Marine  
  36  4:03  Stimpack  
  31  4:23  Marine x2  
  29  4:24  Marauder  
  31  4:36  Starport  
  31  4:41  Marine x2  
  33  4:57  Marine  
  33  4:58  Marine  
  33  4:59  Marine  
  36  5:00  Siege Tank  
  38  5:15  Marine  
  39  5:25  Marine x2  
  39  5:26  Medivac  
  43  5:34  Orbital Command  
  43  6:04  Supply Depot  
  43  6:05  Supply Depot  
  43  6:07  Supply Depot  
  43  6:25  Marine x2  
  46  6:26  Marauder  
Show
View Real Time Build Order
Export as new Build Order

Quincy Zerg 

Build Orders: Hatch First, Zergling Baneling 

Get SALT Encoding   

  12  0:01  Drone  
  13  0:15  Overlord  
  13  0:23  Drone  
  14  0:34  Drone x2  
  16  0:37  Drone  
  17  0:53  Hatchery  
  16  1:02  Drone x2  
  18  1:07  Extractor  
  17  1:17  Spawning Pool  
  16  1:20  Drone  
  16  1:25  Drone  
  18  1:32  Drone  
  19  1:44  Overlord  
  19  2:05  Zergling x4  
  19  2:07  Queen, Metabolic Boost  
  23  2:09  Queen  
  25  2:18  Zergling x4  
  27  2:28  Baneling Nest  
  27  2:29  Drone  
  27  2:43  Zergling x4  
  27  2:44  Zergling x4  
  31  2:55  Zergling x4  
  33  3:19  Zergling x2  
  34  3:20  Zergling x4  
  36  3:28  Overlord  
  36  3:40  Baneling x3  
  36  3:41  Baneling x2  
  36  3:50  Zergling x6  
  36  3:51  Zergling x6  
  41  3:59  Zergling x4  
  41  4:00  Zergling x2  
  40  4:20  Zergling x8  
  43  4:28  Baneling x5  
  43  4:31  Zergling x2  
  43  4:37  Baneling x3  
  38  4:55  Zergling x2  
  38  4:56  Zergling x10  
  40  5:10  Zergling x10  
  37  5:21  Baneling x2  
  37  5:23  Zergling x6  
  39  5:55  Baneling x3  
  29  6:04  Zergling x2  
  29  6:05  Zergling x20  
  39  6:17  Zergling x4  
  39  6:18  Zergling x10  
Show
View Real Time Build Order
Export as new Build Order

OpaKralle Zerg 

Build Orders: Pool First 

Get SALT Encoding   

  12  0:02  Drone  
  13  0:12  Drone  
  14  0:20  Overlord  
  14  0:26  Extractor, Drone  
  14  0:38  Drone x2  
  16  0:49  Drone  
  17  1:00  Drone, Spawning Pool  
  17  1:08  Drone  
  18  1:18  Drone  
  19  1:28  Drone  
  20  1:46  Hatchery  
  19  1:57  Queen  
  21  2:02  Drone  
  21  2:04  Overlord  
  22  2:09  Overlord  
  22  2:19  Extractor, Drone  
  22  2:25  Drone  
  23  2:36  Drone  
  24  2:39  Lair  
  24  3:00  Drone x2  
  26  3:08  Drone  
  26  3:09  Drone x2  
  30  3:12  Drone  
  30  3:14  Drone  
  30  3:15  Drone  
  32  3:28  Drone x2  
  32  3:32  Extractor  
  33  3:34  Extractor, Drone x2  
  33  3:36  Drone  
  33  3:37  Drone  
  33  3:38  Drone  
  37  3:47  Drone x2  
  39  3:52  Spire  
  38  4:02  Drone x2  
  40  4:03  Drone  
  40  4:07  Queen  
  43  4:11  Overlord x4  
  43  4:14  Drone  
  44  4:31  Drone x3  
  47  5:04  Mutalisk  
  47  5:05  Mutalisk x5  
  59  5:09  Mutalisk  
  61  5:21  Mutalisk x5  
  61  5:23  Mutalisk x2  
  75  5:54  Overlord  
  75  5:55  Overlord x4  
Show
View Real Time Build Order
Export as new Build Order

MCTarnkappe Protoss 

Build Orders:  

Get SALT Encoding   

  12  0:01  Probe  
  13  0:14  Probe  
  14  0:17  Pylon  
  14  0:26  Probe  
  15  0:36  Gateway  
  15  0:39  Probe  
  16  0:47  Assimilator  
  16  0:51  Probe  
  17  1:04  Probe  
  17  1:07  Assimilator  
  18  1:16  Probe  
  19  1:18  Gateway  
  19  1:23  Cybernetics Core  
  19  1:28  Probe  
  20  1:34  Pylon  
  20  1:40  Probe  
  21  1:53  Probe  
  22  2:00  Warp Gate  
  22  2:05  Stalker  
  22  2:07  Probe  
  25  2:16  Stalker  
  27  2:26  Gateway  
  27  2:28  Pylon  
  27  2:34  Pylon  
  27  2:43  Stalker  
  29  3:01  Stalker  
  31  3:24  Stalker (Chrono Boost)  
  33  3:28  Stalker (Chrono Boost)  
  35  4:04  Stalker x2  
  35  4:05  Stalker  
  35  4:28  Stalker  
  35  4:29  Stalker x2  
  41  4:52  Stalker x3  
  47  5:07  Gateway  
  47  5:10  Pylon  
  47  5:12  Twilight Council  
  41  5:23  Zealot  
  41  5:24  Zealot x2  
  47  5:54  Stalker x3  
  53  6:20  Nexus  
Tags
 
Add a new tag
Caveats
  • Supply blocks, unpowered buildings, or Contaminate may cause inaccurate times.
  • Supply counts are checked every 10 seconds.